Selects Luftwaffe Battlegroup
Selects Luftwaffe Pioneer Support
Fallschirmpioneer Squad Paradrop
Construct Infanterie Kompanie
Construct Panzergrenadier Kompanie
Selects LG40 Recoilless Gun Paradrop
Construct Panzer Kompanie
Selects Reconnaissance Run
Selects Fallschirmjäger Squad Paradrop
Pak 40 Anti-tank Gun Team
Selects Flak 36 Anti-tank Gun Emplacement
Fallschirmjäger Squad Paradrop
Fallschirmpioneer Squad Paradrop